 Dungeon Crawl Stone Soup version 0.29.1-15-g9cfb28693d (webtiles) character file.

Game seed: 619068494355727056

9829 virigoth the Severer (level 11, -13/75 HPs)
             Began as a Demonspawn Fighter on Mar 12, 2023.
             Was a Priest of Wu Jian.
             Mangled by a tengu warrior
             ... wielding a +2 bardiche of flaming
              (17 damage)
             ... on level 10 of the Dungeon.
             The game lasted 00:35:48 (9262 turns).

virigoth the Severer (Demonspawn Fighter)           Turns: 9262, Time: 00:35:49

Health: -13/75     AC: 16    Str: 23    XL:     11   Next: 28%
Magic:  11/11      EV:  9    Int: 13    God:    Wu Jian [***...]
Gold:   773        SH:  6    Dex: 15    Spells: 10/10 levels left

rFire   + + .      SeeInvis +   b - +8 war axe (vamp)
rCold   + . .      Faith    .   c - +1 buckler
rNeg    . . .      Spirit   .   Y - +6 scale mail of Greater Demons {-Tele Int+4}
rPois   .          Reflect  .   (helmet restricted)
rElec   .          Harm     .   o - +0 cloak
rCorr   +          Rampage  .   W - +0 pair of gloves "Boshireh" {Str+2}
Will    .....      NoTele   +   O - +0 pair of boots
Stlth   +.........              B - amulet of regeneration
HPRegen 1.02/turn               s - ring of see invisible
MPRegen 0.12/turn               z - ring "Bahuraf" {Contam rF++ rC+ rCorr Slay+3}

@: hasted, very quick
A: antennae 2, thin skeletal structure 1, spiny 1
a: Renounce Religion, Wall Jump, Serpent's Lash


You were on level 10 of the Dungeon.
You worshipped Wu Jian.
Wu Jian was most pleased with you.
You visited 2 branches of the dungeon, and saw 12 of its levels.

You collected 773 gold pieces.

Inventory:

Hand Weapons
 a - a +1 war axe of electrocution
 b - a +8 vampiric war axe (weapon)
 p - the +4 hand axe "Ypoehum" {flame, rPois Str+4}
   (You found it on level 8 of the Dungeon)

   It burns those it strikes, dealing additional fire damage.
   Big, fiery blades are also staple armaments of hydra-hunters.
   Str:       It affects your strength (+4).
   rPois:     It protects you from poison.
 t - a +1 dagger of speed
Missiles
 L - 40 poisoned darts
 X - 2 curare-tipped darts (quivered)
Armour
 c - a +1 buckler (worn)
 o - a +0 cloak (worn)
 O - a +0 pair of boots (worn)
 W - the +0 pair of gloves "Boshireh" (worn) {Str+2}
   (You found it on level 6 of the Dungeon)

   Str:       It affects your strength (+2).
 Y - the +6 scale mail of Greater Demons (worn) {-Tele Int+4}
   (You took it off an orc on level 8 of the Dungeon)

   Int:       It affects your intelligence (+4).
   -Tele:     It prevents most forms of teleportation.
Jewellery
 i - a ring of protection from fire
 s - a ring of see invisible (left hand)
 z - the ring "Bahuraf" (right hand) {Contam rF++ rC+ rCorr Slay+3}
   (You found it on level 2 of the Dungeon)

   [ring of protection from cold]

   Slay:      It affects your accuracy & damage with ranged weapons and melee
   (+3).
   rF:        It greatly protects you from fire.
   rC:        It protects you from cold.
   Contam:    It causes magical contamination when unequipped.
   rCorr:     It protects you from acid and corrosion.
 B - an amulet of regeneration (around neck)
 F - a +4 ring of protection
 H - a ring of wizardry
 I - a ring of resist corrosion
 J - a ring of protection from fire
 T - a ring of willpower
 U - a +4 ring of evasion
Wands
 m - a wand of mindburst (8)
 n - a wand of polymorph (3)
 v - a wand of roots (6)
 y - a wand of charming (7)
 K - a wand of digging (6)
 M - a wand of flame (34)
 V - a wand of acid (6)
Scrolls
 k - 2 scrolls of summoning
 l - 2 scrolls of noise {unknown}
 q - a scroll of acquirement {unknown}
 w - 5 scrolls of teleportation {!r}
 A - 4 scrolls of magic mapping
 C - a scroll of fear {!r}
 D - a scroll of vulnerability {unknown}
 Q - 2 scrolls of immolation {unknown}
 S - 2 scrolls of blinking {!r}
Potions
 d - 2 potions of might {!q}
 j - a potion of haste {!q}
 r - a potion of resistance
 u - 3 potions of lignification
 x - 3 potions of mutation
 E - 2 potions of curing {!q}
 G - 3 potions of degeneration {unknown}
 N - 2 potions of magic {unknown}
 P - a potion of flight {unknown}
 R - 2 potions of attraction {unknown}
 Z - 2 potions of heal wounds {unknown}


   Skills:
 - Level 3.0 Fighting
 + Level 16.1 Axes
 - Level 2.6 Armour
 - Level 2.6 Shields


You had 10 spell levels left.
You didn't know any spells.
Your spell library contained the following spells:

 Spells                   Type           Power      Damage    Failure   Level
 Freeze                   Ice            0%         1d3       71%         1
 Slow                     Hex            0%         N/A       71%         1
 Static Discharge         Conj/Air       0%         3-3/arc   83%         2
 Sublimation of Blood     Necr           0%         N/A       83%         2
 Wereblood                Tmut           0%         N/A       83%         2
 Confusing Touch          Hex            0%         N/A       97%         3
 Dazzling Flash           Conj/Hex       0%         N/A       97%         3
 Frozen Ramparts          Ice            0%         1d1       97%         3
 Vampiric Draining        Necr           0%         2d6       97%         3
 Hailstorm                Conj/Ice       0%         3d3       100%        4
 Iskenderun's Mystic Bla  Conj/Tloc      0%         2d3       100%        4
 Petrify                  Tmut/Erth      0%         N/A       100%        4
 Irradiate                Conj/Tmut      0%         3d11      100%        5
 Lightning Bolt           Conj/Air       0%         1d11      100%        5
 Starburst                Conj/Fire      0%         6d3       100%        6
 Summon Hydra             Summ           0%         N/A       100%        7
 Maxwell's Capacitive Co  Air            0%         ∞         100%        8


Dungeon Overview and Level Annotations

Branches:
Dungeon (11/15)            Temple (1/1) D:7            Lair (0/5) D:9
    Orc: D:9-12

Altars:
Ashenzari
Cheibriados
Dithmenos
Fedhas
Gozag
Hepliaklqana
Kikubaaqudgha
Makhleb
Nemelex Xobeh
Okawaru
Qazlal
Ru
Sif Muna
Trog
Uskayaw
Vehumet
Wu Jian
Xom
Yredelemnul

Shops:
D:2 *   D:4 (   D:5 !   D:7 *

Annotations:
D:3 2 runed translucent doors, AverageBear's ghost, amateur DsFi


Innate Abilities, Weirdness & Mutations

You have a pair of antennae on your head.
You have a somewhat thin skeletal structure. (Dex +2, Stealth+)
You are partially covered in sharp spines.


Message History

The tengu warrior pecks you but does no damage.
The tengu warrior claws you.
* * * LOW HITPOINT WARNING * * *
You slash the tengu warrior!
You feel better.
The tengu warrior is lightly wounded.
You block the tengu warrior's attack.
The tengu warrior pecks you but does no damage.
The tengu warrior claws you but does no damage.
You closely miss the tengu warrior.
The tengu warrior is lightly wounded.
The tengu warrior hits you with a +2 bardiche of flaming!
* * * LOW HITPOINT WARNING * * *
The tengu warrior pecks you.
* * * LOW HITPOINT WARNING * * *
The tengu warrior claws you but does no damage.
You slice the tengu warrior!!
You feel better.
The tengu warrior is heavily wounded.
You closely miss the tengu warrior.
The tengu warrior is heavily wounded.
The tengu warrior hits you with a +2 bardiche of flaming!
* * * LOW HITPOINT WARNING * * *
The tengu warrior pecks you but does no damage.
The tengu warrior claws you but does no damage.
You closely miss the tengu warrior.
The tengu warrior is heavily wounded.
The tengu warrior hits you with a +2 bardiche of flaming!!
* * * LOW HITPOINT WARNING * * *
The tengu warrior burns you.
* * * LOW HITPOINT WARNING * * *
The tengu warrior barely misses you.
The tengu warrior claws you but does no damage.
Okay, then.
Aiming: Wall Jump
Press: ? - help, Dir - move target The tengu warrior hits you from afar with a +2 bardiche of flaming!
* * * LOW HITPOINT WARNING * * *
Really quaff
j - 2 potions of haste {!q}?
You feel yourself speed up.
The tengu warrior hits you from afar with a +2 bardiche of flaming!
You die...

......# #.##.#
### ........#
#.##.# ...
.........#####.
#†# .#
..............
#.# .#
.........##..#
#.# <# . .....
#..# #.# .# #..
... #))# #.# .#
#...#.###).#
#.# .#
#.....6.Q..#
#.# .# # #
.......####.#
#.# .# .#.
##.#### #.# #.#
.#####.# #.#
#.# #.#
.......# #.#
#.# #.#
.#####.# #.#
#.# #.# ## #.#
#.# #.# #.#
######.####.#
#.# #.#
.....>......#
#.# #.#


You could see a tengu warrior.

Vanquished Creatures
  A tengu warrior (D:10)
  Amaemon (D:9)
  Maurice (D:10)
  An orange demon (D:9)
  An unseen horror (D:10)
  Maggie (D:8)
  3 trolls
  Prince Ribbit (D:6)
  Sigmund (D:4)
  A fire bat (D:4)
  Grum (D:10)
  4 vampire mosquitoes (D:10)
  A steam dragon (D:8)
  2 wargs (D:9)
  2 water moccasins
  Duvessa (D:4)
  6 orc warriors
  A black bear (D:4)
  2 ice beasts
  4 wolves (D:10)
  3 ogres (D:7)
  3 centaurs
  5 kobold brigands
  2 phantoms
  A necrophage (D:7)
  5 bullfrogs
  A gnoll sergeant (D:9)
  5 scorpions
  11 wights
  Dowan (D:4)
  6 killer bees (D:9)
  3 howler monkeys (D:7)
  9 hounds
  4 gnoll boudas
  5 orc priests
  Ijyb (D:4)
  2 iguanas
  12 orc wizards
  16 gnolls
  5 adders
  2 shadow imps
  3 white imps
  An ufetubus (D:7)
  4 worms
  5 dart slugs
  33 orcs
  8 bats
  6 endoplasms
  4 giant cockroaches
  5 goblins
  8 hobgoblins
  7 jackals (D:4)
  12 kobolds
  4 quokkas
  10 ball pythons
  3 frilled lizards
  A rat (D:1)
252 creatures vanquished.

Vanquished Creatures (others)
  5 fungi (D:7)
  12 plants (D:7)
17 creatures vanquished.

Grand Total: 269 creatures vanquished

Notes
Turn   | Place    | Note
-------+----------+-------------------------------------------
     0 | D:1      | virigoth the Demonspawn Fighter began the quest for the
                  | Orb.
     0 | D:1      | Reached XP level 1. HP: 18/18 MP: 1/1
   311 | D:1      | Reached skill level 2 in Axes
   395 | D:2      | Gained mutation: You are partially covered in sharp spines.
                  | [demonic ancestry]
   395 | D:2      | Reached XP level 2. HP: 24/24 MP: 2/2
   822 | D:1      | Found a faded altar of an unknown god.
   923 | D:2      | Reached skill level 3 in Axes
   986 | D:2      | Gained mutation: You have a pair of small antennae on your
                  | head. [demonic ancestry]
   986 | D:2      | Reached XP level 3. HP: 22/29 MP: 3/3
  1307 | D:2      | Found Beeboypp's Assorted Antiques.
  1414 | D:2      | Identified the ring "Bahuraf" {Contam rF++ rC+ rCorr
                  | Slay+3}
  1645 | D:2      | Reached XP level 4. HP: 35/35 MP: 4/4
  1763 | D:2      | Reached skill level 4 in Axes
  1856 | D:4      | Noticed a black bear
  1865 | D:3      | Identified the +8 quarterstaff of the Genius {drain, Will+}
  1916 | D:3      | Found a runed translucent door.
  1925 | D:3      | Noticed a bullfrog
  1925 | D:3      | Noticed AverageBear's ghost (amateur DsFi)
  2146 | D:3      | Found a runed translucent door.
  2435 | D:3      | Noticed a water moccasin
  2440 | D:3      | Killed a water moccasin
  2441 | D:3      | Reached skill level 5 in Axes
  2441 | D:3      | Reached XP level 5. HP: 18/41 MP: 5/5
  2794 | D:4      | Noticed Dowan
  2794 | D:4      | Noticed Duvessa
  2796 | D:4      | Found a transporter.
  2800 | D:4      | Killed Duvessa
  2801 | D:4      | Reached skill level 6 in Axes
  2801 | D:4      | Reached XP level 6. HP: 33/47 MP: 6/6
  2804 | D:4      | Killed Dowan
  3233 | D:4      | Found a transporter.
  3234 | D:4      | Noticed a fire bat
  3243 | D:4      | Noticed Ijyb
  3253 | D:4      | Killed Ijyb
  3258 | D:5      | Entered Level 5 of the Dungeon
  3288 | D:4      | Found Onog's Weapon Boutique.
  3356 | D:4      | Reached skill level 7 in Axes
  3356 | D:4      | Reached XP level 7. HP: 49/52 MP: 7/7
  3436 | D:4      | Noticed Sigmund
  3452 | D:4      | Killed Sigmund
  3522 | D:4      | Reached skill level 8 in Axes
  3974 | D:6      | Noticed Prince Ribbit
  4002 | D:5      | Found Pitzar's Distillery.
  4077 | D:5      | Found a burning altar of Makhleb.
  4172 | D:5      | Gained mutation: You have a somewhat thin skeletal
                  | structure. (Dex +2, Stealth+) [demonic ancestry]
  4172 | D:5      | Reached XP level 8. HP: 57/58 MP: 8/8
  4177 | D:5      | Reached skill level 9 in Axes
  4238 | D:5      | Reached skill level 10 in Axes
  4558 | D:6      | Killed Prince Ribbit
  4750 | D:6      | Reached XP level 9. HP: 63/63 MP: 9/9
  4758 | D:6      | Reached skill level 11 in Axes
  4913 | D:6      | Identified the +0 pair of gloves "Boshireh" {Str+2}
  5293 | D:7      | Found a staircase to the Ecumenical Temple.
  5316 | Temple   | Entered the Ecumenical Temple
  5560 | Temple   | Became a worshipper of the Wu Jian Council
  5610 | D:7      | Found Kelocut's General Store.
  5660 | D:7      | Reached skill level 12 in Axes
  5853 | D:7      | You fall into a shaft and drop 2 floors!
  5853 | D:7      | The shaft crumbles and collapses.
  5886 | D:10     | Entered Level 10 of the Dungeon
  5933 | D:9      | Noticed Amaemon
  5933 | D:9      | Noticed an orange demon
  5968 | D:8      | Reached * piety under Wu Jian
  5970 | D:8      | Identified the +6 scale mail of Greater Demons {-Tele
                  | Int+4}
  6122 | D:8      | Noticed Maggie
  6129 | D:8      | Killed Maggie
  6130 | D:8      | Reached skill level 13 in Axes
  6383 | D:7      | Gained mutation: You have a pair of antennae on your head.
                  | [demonic ancestry]
  6383 | D:7      | Reached XP level 10. HP: 55/70 MP: 10/10
  7158 | D:8      | Identified the +4 hand axe "Ypoehum" {flame, rPois Str+4}
  7711 | D:9      | Reached skill level 14 in Axes
  7714 | D:9      | Found a staircase to the Lair.
  7714 | D:9      | Reached ** piety under Wu Jian
  7800 | D:9      | Killed an orange demon
  7803 | D:9      | Killed Amaemon
  8065 | D:9      | Reached skill level 15 in Axes
  8133 | D:10     | Noticed Maurice
  8825 | D:10     | Killed Maurice
  8826 | D:10     | Reached XP level 11. HP: 74/75 MP: 11/11
  8981 | D:10     | Reached *** piety under Wu Jian
  9028 | D:10     | Noticed Grum
  9036 | D:10     | Killed Grum
  9102 | D:10     | Identified the +0 ring mail of the Pink Corner {Dex+4}
  9235 | D:10     | Noticed a tengu warrior
  9244 | D:10     | Noticed a tengu warrior
  9246 | D:10     | Killed a tengu warrior
  9247 | D:10     | Reached skill level 16 in Axes
  9259 | D:10     | HP: 1/75 [tengu warrior/+2 bardiche of flaming (10)]
  9262 | D:10     | Mangled by a tengu warrior

Illustrated notes

Levels and vault maps discovered:
D:1:      shiori_arrival_elements, layout_basic,
          shapermc_ecumenical_altar_hornbeckon
D:2:      minmay_general_purpose_star, layout_rooms, serial_shops, shop,
          minmay_nonomino_d4
D:3:      wander_river, layout_basic, ebering_ghost_sewer_f
D:4:      gammafunk_cloud_chamber, layout_loops_cross, serial_shops,
          nicolae_shop_competitors_out_of_business, serial_co_window_serial,
          co_window_paths_a, co_window_paths_b, co_window_cross_1,
          co_window_paths_b, co_window_of_opportunity_a, co_window_corner_cb,
          co_window_broadway_a, co_window_of_opportunity_b, co_window_paths_d,
          co_window_paths_e, glass_columns_a, glass_columns_a, glass_columns_b,
          patterned_corridor, uniq_duvessa, uniq_sigmund, uniq_ijyb
D:5:      layout_rooms, mainiacjoe_overflow_cross_hatched, serial_shops,
          nicolae_shop_competitors_out_of_business, st_stairs_5,
          minmay_joined_circles
D:6:      layout_cave_pools, serial_park_tiny_2, uniq_prince_ribbit1
D:7:      kennysheep_seaside_town, layout_basic, minmay_temple_entry_junction,
          serial_shops, nicolae_shop_waterfront, minmay_microvault
D:8:      layout_basic, uniq_maggie
D:9:      layout_irregular_city, erik_lair_orcish_takeover, uniq_amaemon
D:10:     layout_loops_ring, uniq_maurice, uniq_grum
D:11:     layout_roguey, david_orc_5
Temple:   nicolae_temple_the_god_donut

Skill      XL: |  1  2  3  4  5  6  7  8  9 10 11 |
---------------+----------------------------------+-----
Axes           | 2 3 5 6 7 8 10 13 15 16 | 16.1
Fighting       | |  3.0
Armour         | |  2.6
Shields        | |  2.6

Action                   |  1- 3 |  4- 6 |  7- 9 | 10-12 || total
-------------------------+-------+-------+-------+-------++-------
Melee: War axe           |    70 |    69 |   225 |   228 ||   592
Invok: Lunge             |       |       |    10 |    22 ||    32
       Whirlwind         |       |       |       |    11 ||    11
 Abil: Wall Jump         |       |       |       |     2 ||     2
  Use: Scroll            |     6 |       |     9 |     5 ||    20
       Potion            |       |       |       |     1 ||     1
Armor: Scale mail        |    28 |    29 |    57 |    86 ||   200
Dodge: Dodged            |    26 |    24 |   100 |    95 ||   245
Block: Buckler           |    14 |    23 |    55 |    46 ||   138
